 Dungeon Crawl Stone Soup version 0.25-a0-1133-g93ebf739aa (webtiles) character file.

Game seed: 4318444653888943039, levelgen mode: deterministic

95 zard0z the Magician (level 4, -2/24 HPs)
             Began as a Deep Elf Fire Elementalist on May 22, 2020.
             Slain by an orc warrior
             ... wielding a +1 vampiric long sword
              (21 damage)
             ... on level 5 of the Dungeon.
             The game lasted 00:16:33 (1936 turns).

zard0z the Magician (Deep Elf Fire Elementalist)    Turns: 1936, Time: 00:16:34

Health: -2/24      AC:  3    Str:  5    XL:     4   Next: 40%
Magic:  10/12      EV: 12    Int: 21    God:
Gold:   35         SH:  0    Dex: 15    Spells: 7/11 levels left

rFire    . . .     SeeInvis .   g - +0 dagger
rCold    . . .     Gourm    .   (no shield)
rNeg     . . .     Faith    .   h - +0 leather armour
rPois    .         Spirit   .   (no helmet)
rElec    .         Reflect  .   (no cloak)
rCorr    .         Harm     .   (no gloves)
MR       .....                  (no boots)
Stlth    ++........             (no amulet)
HPRegen  0.08/turn              (no ring)
MPRegen  0.13/turn              (no ring)

@: no status effects
A: no striking features
a: no special abilities


You were on level 5 of the Dungeon.
You were not hungry.

You visited 1 branch of the dungeon, and saw 5 of its levels.

You collected 35 gold pieces.

Inventory:

Hand Weapons
 g - a +0 dagger (weapon)
 m - a +0 dagger of venom
Missiles
 i - 83 stones (quivered)
Armour
 a - a +0 robe
 h - a +0 leather armour (worn)
 q - a +0 pair of gloves
Jewellery
 b - a +6 ring of dexterity {unknown}
 e - an uncursed ring of flight {unknown}
Wands
 n - a wand of polymorph (10)
Scrolls
 d - a scroll of immolation {unknown}
 o - 2 scrolls of amnesia {unknown}
 p - 3 scrolls of teleportation
Potions
 f - 2 potions of stabbing
 j - a potion of mutation {unknown}
 k - a potion of curing
 l - a potion of haste
Comestibles
 c - 6 rations


   Skills:
 - Level 2.4 Dodging
 - Level 2.4 Stealth
 + Level 4.0 Spellcasting
 * Level 3.4 Conjurations
 + Level 4.0 Fire Magic


You had 7 spell levels left.
You knew the following spells:

 Your Spells              Type           Power        Failure   Level  Hunger
a - Foxfire               Conj/Fire      ###.         4%          1    None
e - Conjure Flame         Conj/Fire      ###.....     13%         3    ###....

Your spell library contained the following spells:

 Spells                   Type           Power        Failure   Level  Hunger
 Inner Flame              Hex/Fire       ##......     26%         3    ###....
 Sticky Flame             Conj/Fire      ###.....     38%         4    ####...
 Fireball                 Conj/Fire      ###.......   75%         5    ######.


Dungeon Overview and Level Annotations

Branches:
Dungeon (6/15)
 Temple: D:4-7

Altars:
Dithmenos
Wu Jian


Message History

q - a pair of gloves A centaur skeleton comes into view.
The orc wizard points at you and mumbles some strange words.
The magic dart hits you.
The orc wizard gestures wildly while chanting.
The orc wizard flickers and vanishes!
Deactivating autopickup; reactivate with Ctrl-A.
The orc warrior barely misses you.
There is a stone staircase leading up here.
You climb upwards.
Reactivating autopickup.
A crimson imp comes into view.
There is a stone staircase leading down here.
Found a crude robe.
Casting: Foxfire (safe; 4% risk of failure)
Confirm with . or Enter, or press ? or * to list all spells.
You conjure some foxfire!
The orc warrior hits you with a +1 vampiric long sword!!
Ouch! That really hurt!
You die...

## #.. #.#
###.### .
#.....## ...
#.....v#
5...#...o@v#
.........#.#
.......>.+[..
.........#####
####.....#
#######


You could see an orc warrior.

Vanquished Creatures
  An iguana (D:6)
  An adder (D:6)
  2 oozes (D:1)
  A dart slug (D:1)
  3 leopard geckos
  2 giant cockroaches
  5 goblins
  7 hobgoblins
  A jackal (D:1)
  2 ball pythons
  9 bats (D:1)
  3 frilled lizards (D:1)
  6 kobolds
  5 rats
48 creatures vanquished.

Vanquished Creatures (others)
  105 foxfires
105 creatures vanquished.

Grand Total: 153 creatures vanquished

Notes
Turn   | Place    | Note
-------+----------+-------------------------------------------
     0 | D:1      | zard0z the Deep Elf Fire Elementalist began the quest for
                  | the Orb.
     0 | D:1      | Reached XP level 1. HP: 10/10 MP: 6/6
   134 | D:1      | Reached XP level 2. HP: 15/15 MP: 2/8
   521 | D:1      | Reached XP level 3. HP: 19/19 MP: 2/10
   937 | D:1      | Learned a level 3 spell: Conjure Flame
  1521 | D:2      | Found an ornate altar of the Wu Jian Council.
  1752 | D:2      | Found a shadowy altar of Dithmenos.
  1877 | D:3      | You fall into a shaft and drop 3 floors!
  1881 | D:6      | Reached XP level 4. HP: 24/24 MP: 9/12
  1924 | D:6      | Noticed an orc warrior
  1933 | D:5      | Entered Level 5 of the Dungeon
  1936 | D:5      | Slain by an orc warrior

Illustrated notes

Levels and vault maps discovered:
D:1:      dpeg_arrival_court, layout_rooms, minmay_octomino_e4
D:2:      kb_forest_paths, layout_rooms, old_standard_altar,
          lemuel_coloured_pillars_altar, first_ration, serial_co_window_serial,
          co_window_cross_1, co_window_of_opportunity_a, co_window_corner_a,
          co_window_corner_a, co_window_paths_a, co_window_of_opportunity_a,
          co_window_paths_a, co_window_corner_a, co_window_corner_a,
          co_window_corner_b, glass_columns_a, glass_columns_b, glass_columns_a
D:3:      layout_basic, chequers_ecumenical_altar_grove
D:5:      minmay_chambers_of_threes, layout_basic, old_standard_altar,
          minmay_temple_entry_ruins
D:6:      minmay_flawed_box, layout_rooms, lemuel_doored_altar

Skill      XL: |  1  2  3 |
---------------+----------+-----
Conjurations   | 2 3 |  3.4
Spellcasting   | 4 |  4.0
Fire Magic     | 4 |  4.0
Dodging        | |  2.4
Stealth        | |  2.4

Action                   |  1- 3 |  4- 6 || total
-------------------------+-------+-------++-------
 Cast: Foxfire           |    82 |     4 ||    86
  Use: Scroll            |     4 |     1 ||     5
  Eat: Chunk             |     2 |       ||     2
       Ration            |       |     1 ||     1
Armor: Robe              |     4 |       ||     4
       Leather armour    |     5 |       ||     5
Dodge: Dodged            |    30 |     3 ||    33

Table legend:
 A = Non-vault XP
 B = Vault XP
 C = Vault XP percentage of total XP
 D = Non-vault monster count
 E = Vault monster count
 F = Vault count percentage of total count
                 A         B        C        D         E       F
            +---------+---------+-------+---------+---------+-------
      Total |     114 |      23 |  16.8 |      39 |       9 |  18.8
            +---------+---------+-------+---------+---------+-------
        D:1 |      53 |      11 |  17.2 |      30 |       3 |   9.1
        D:2 |      11 |      12 |  52.2 |       6 |       6 |  50.0
        D:3 |       2 |       0 |   0.0 |       1 |       0 |   0.0
        D:6 |      48 |       0 |   0.0 |       2 |       0 |   0.0
            +---------+---------+-------+---------+---------+-------
